 Dungeon Crawl Stone Soup version 0.16.1-30-g34a7ffa (webtiles) character file.

1740 ztt the Thaumaturge (level 8, -17/42 HPs)
             Began as a Deep Elf Wizard on June 16, 2015.
             Was a Follower of Vehumet.
             Demolished by an orc warrior
             ... wielding a +0 dire flail
              (21 damage)
             ... on level 8 of the Dungeon.
             The game lasted 00:43:01 (8544 turns).

ztt the Thaumaturge (Deep Elf Wizard)               Turns: 8544, Time: 00:43:01

Health: -17/42     AC:  6    Str:  4    XL:     8   Next: 77%
Magic:  8/29       EV: 14    Int: 26    God:    Vehumet [*.....]
Gold:   378        SH:  0    Dex: 13    Spells: 9 memorised, 5 levels left

rFire  . . .     SeeInvis .     j - +0 whip
rCold  . . .     Clarity  .     a - +0 robe
rNeg   . . .     SustAb   .     (no shield)
rPois  .         Gourm    .     i - +2 helmet
rElec  .         Spirit   .     (no cloak)
rCorr  .         Warding  .     s - +0 pair of gloves
rMut   .         Stasis   .     (no boots)
MR     .....                    l - amulet of inaccuracy (curse)
Stlth  ++........               (no ring)
                                (no ring)

@: not resistant to hostile enchantments, unstealthy
A: no striking features
a: Renounce Religion


You were on level 8 of the Dungeon.
You worshipped Vehumet.
Vehumet was aware of your devotion.
You were not hungry.

You visited 2 branches of the dungeon, and saw 9 of its levels.

You collected 378 gold pieces.

Inventory:

Hand weapons
 j - a +0 whip (weapon)
 z - a +0 blowgun
Missiles
 A - 9 poisoned needles
Armour
 a - a +0 robe (worn)
 i - a +2 helmet (worn)
 s - a +0 pair of gloves (worn)
 w - a +2 ring mail of fire resistance
Jewellery
 l - a cursed amulet of inaccuracy (around neck)
Magical devices
 o - a wand of digging (22)
 t - a wand of flame (12)
 x - a wand of frost (15)
 G - a wand of random effects (26)
Scrolls
 g - 3 scrolls of teleportation
 q - a scroll of recharging
 r - a scroll of identify
 u - 2 scrolls of enchant armour
 y - a scroll of magic mapping
 H - a scroll of remove curse
Potions
 b - a potion of curing
 e - a potion of flight
 f - a potion of magic {unknown}
 h - 4 potions of restore abilities
 k - a potion of heal wounds
 n - 2 potions of might
 p - a potion of brilliance
 D - a potion of beneficial mutation {unknown}
Books
 c - a book of Minor Magic

   Spells                             Type                      Level
   a - Magic Dart                     Conjuration                  1
   b - Blink                          Translocation                2
   c - Call Imp                       Summoning                    2
   d - Repel Missiles                 Charms/Air                   2
   e - Slow                           Hexes                        2
   f - Conjure Flame                  Conjuration/Fire             3
   g - Mephitic Cloud                 Conjuration/Poison/Air       3
 v - a book of Unlife

   Spells                             Type                      Level
   a - Recall                         Summoning/Translocation      3
   b - Animate Dead                   Necromancy                   4
   c - Control Undead                 Necromancy                   4
   d - Cigotuvi's Embrace             Necromancy                   5
   e - Death Channel                  Necromancy                   6
   f - Simulacrum                     Ice/Necromancy               6
 C - a book of Control

   Spells                             Type                      Level
   a - Control Teleport               Charms/Translocation         4
   b - Control Undead                 Necromancy                   4
   c - Enslavement                    Hexes                        4
   d - Metabolic Englaciation         Hexes/Ice                    5
   e - Mass Confusion                 Hexes                        6
 E - a book of Dreams

   Spells                             Type                      Level
   a - Ensorcelled Hibernation        Hexes/Ice                    2
   b - Flight                         Charms/Air                   3
   c - Phase Shift                    Translocation                5
   d - Shadow Creatures               Summoning                    5
   e - Mass Confusion                 Hexes                        6
   f - Darkness                       Hexes                        7
Comestibles
 d - 6 bread rations
 m - 2 meat rations
 F - 6 beef jerkies


   Skills:
 + Level 0.5 Fighting
 + Level 4.6 Dodging
 + Level 3.0 Stealth
 + Level 11.0 Spellcasting
 + Level 5.3 Conjurations
 + Level 5.2 Summonings
 + Level 2.1 Translocations
 + Level 0.2 Poison Magic


You had 5 spell levels left.
You knew the following spells:

 Your Spells              Type           Power        Failure   Level  Hunger
a - Magic Dart            Conj           ####         1%          1    None
b - Blink                 Tloc           N/A          2%          2    None
c - Call Imp              Summ           #####...     1%          2    None
d - Repel Missiles        Chrm/Air       ##....       10%         2    None
e - Conjure Flame         Conj/Fire      ####....     6%          3    None
f - Slow                  Hex            ##......     10%         2    None
g - Mephitic Cloud        Conj/Pois/Air  ###.....     8%          3    None
h - Shadow Creatures      Summ           N/A          14%         5    ###....
i - Control Teleport      Chrm/Tloc      ###.......   30%         4    None


Dungeon Overview and Level Annotations

Branches:
Dungeon (8/15)             Temple (1/1) D:5
   Lair: D:8-11

Altars:
Ashenzari
Cheibriados
Dithmenos
Elyvilon
Gozag
Kikubaaqudgha
Makhleb
Nemelex Xobeh
Okawaru
Ru
Trog
Vehumet
Xom
Yredelemnul
Zin
The Shining One

Annotations:
D:5 hemol's ghost, experienced MiFi


Message History

Something hits your crimson imp.
The orc warrior hits you with a dire flail!
* * * LOW HITPOINT WARNING * * *
Drink which item? (? for menu, Esc to quit)
Okay, then.
Casting: Magic Dart
Confirm with . or Enter, or press ? or * to list all spells.
You blink.
Casting: Blink
Confirm with . or Enter, or press ? or * to list all spells.
You blink.
The orc warrior hits your crimson imp with a dire flail!
Your crimson imp dies!
The orc misses you.
Casting: Blink
Confirm with . or Enter, or press ? or * to list all spells.
You blink.
The orc warrior hits you with a dire flail!!
Ouch! That really hurt!
You die...

.....# ###.#...#
#....5...#..... .....#
#.#.#.# #.######)#.....
...### #(#.#.# #[# #.#.....
#### ######(#.#.###.#
#.#)#.## #).....#.....#5#
#.#.#... #......###.#.#.#
##'#.#..< #............#5#
#.<..#.).
#......##.o..#.#####....#...
#########§.@.#..5..5....#...
#....#########..#.## #.§o.#
#..#.# ####.# #..#..
##'#########†.####
#####....##........o..
#........##.....#.####
#.........§)......#
#........##(....###


You could see an orc warrior and an orc.

Vanquished Creatures
  A sky beast (D:5)
  2 ogres (D:4)
  A phantom (D:8)
  The ghost of heinrich the Magician, an average DsWz (D:3)
  Duvessa (D:8)
  A big kobold (D:6)
  A water moccasin zombie (D:7)
  A scorpion (D:5)
  A crimson imp (D:5)
  A centaur zombie (D:5)
  A jelly (D:8)
  A hound (D:7)
  An iguana (D:7)
  An orc priest (D:6)
  An orc wizard (D:8)
  Natasha (twice) (D:4)
  3 worker ants
  4 gnolls (D:7)
  8 adders
  A giant mite (D:3)
  5 worms
  A giant gecko (D:3)
  An ooze (D:1)
  13 orcs
  14 bats
  2 bat skeletons
  8 giant cockroaches
  20 hobgoblins
  2 jackals (D:3)
  23 kobolds
  7 quokkas
  A ball python (D:1)
  A ball python skeleton (D:5)
  A giant gecko skeleton (D:5)
  3 giant newts
  10 goblins
  2 quokka skeletons (D:6)
  9 rats
157 creatures vanquished.

Vanquished Creatures (collateral kills)
  Edmund (D:8)
  A water moccasin (D:3)
  A sky beast (D:6)
  An ice beast (D:7)
  2 ogres
  Sigmund (D:2)
  2 giant frogs (D:7)
  Dowan (D:8)
  A centaur skeleton (D:5)
  A hound (D:8)
  2 giant frog skeletons
  2 worker ants
  An orc wizard (D:4)
  2 hound zombies (D:5)
  4 gnolls
  A giant mite (D:3)
  6 orcs
  Natasha (D:4)
  A hobgoblin (D:2)
  2 jackals (D:2)
  A kobold (D:2)
  2 bats
  A rat (D:2)
38 creatures vanquished.

Vanquished Creatures (others)
  23 crimson imps
  3 iron imps
  9 shadow imps
  18 white imps
53 creatures vanquished.

Grand Total: 248 creatures vanquished

Notes
Turn   | Place    | Note
--------------------------------------------------------------
     0 | D:1      | ztt, the Deep Elf Wizard, began the quest for the Orb.
     0 | D:1      | Reached XP level 1. HP: 10/10 MP: 6/6
   378 | D:1      | Reached skill level 5 in Spellcasting
   432 | D:1      | Reached XP level 2. HP: 15/15 MP: 9/11
   436 | D:1      | Learned a level 2 spell: Blink
   439 | D:1      | Learned a level 2 spell: Call Imp
   442 | D:1      | Learned a level 2 spell: Repel Missiles
  1078 | D:2      | Noticed Sigmund
  1217 | D:2      | Reached XP level 3. HP: 19/19 MP: 6/14
  1947 | D:2      | Killed Sigmund
  1947 | D:2      | Reached skill level 6 in Spellcasting
  1947 | D:2      | Reached XP level 4. HP: 24/24 MP: 4/18
  2407 | D:3      | Noticed heinrich's ghost (average DsWz)
  2438 | D:3      | Learned a level 3 spell: Conjure Flame
  2441 | D:3      | Learned a level 2 spell: Slow
  2445 | D:3      | Learned a level 3 spell: Mephitic Cloud
  2588 | D:3      | Reached XP level 5. HP: 28/28 MP: 15/20
  2778 | D:3      | Killed heinrich's ghost
  3010 | D:3      | Noticed a water moccasin
  3027 | D:3      | Killed a water moccasin
  3027 | D:3      | Reached skill level 7 in Spellcasting
  3027 | D:3      | Reached XP level 6. HP: 33/33 MP: 13/23
  3407 | D:4      | Noticed Natasha
  3411 | D:4      | Killed Natasha
  3807 | D:4      | Noticed Natasha
  3809 | D:4      | Killed Natasha
  4202 | D:4      | Noticed Natasha
  4206 | D:4      | Killed Natasha
  4527 | D:5      | Entered Level 5 of the Dungeon
  4537 | D:5      | Reached XP level 7. HP: 37/37 MP: 16/25
  4727 | D:5      | Noticed hemol's ghost (experienced MiFi)
  4881 | D:5      | Reached skill level 8 in Spellcasting
  5597 | D:5      | Found a staircase to the Ecumenical Temple.
  5607 | Temple   | Entered the Ecumenical Temple
  5670 | Temple   | Became a worshipper of Vehumet
  5878 | D:5      | Found a sacrificial altar of Ru.
  5880 | D:5      | Found a bloodstained altar of Trog.
  5883 | D:5      | Found a shimmering altar of Xom.
  5884 | D:5      | Found a white marble altar of Elyvilon.
  5884 | D:5      | Found an ancient bone altar of Kikubaaqudgha.
  5885 | D:5      | Found a shadowy altar of Dithmenos.
  6058 | D:6      | Reached skill level 9 in Spellcasting
  6473 | D:6      | Acquired Vehumet's first power
  6473 | D:6      | Offered knowledge of Freeze by Vehumet.
  6479 | D:6      | Found a sparkling altar of Nemelex Xobeh.
  6479 | D:6      | Found an opulent altar of Gozag.
  6631 | D:6      | Reached XP level 8. HP: 35/42 MP: 24/28
  6936 | D:7      | Learned a level 5 spell: Shadow Creatures
  6941 | D:7      | Learned a level 4 spell: Control Teleport
  7339 | D:7      | Reached skill level 10 in Spellcasting
  7339 | D:7      | Reached skill level 5 in Conjurations
  7511 | D:7      | Found a basalt altar of Yredelemnul.
  7604 | D:8      | Noticed Duvessa
  7680 | D:8      | Killed Duvessa
  7696 | D:8      | Noticed Dowan
  7698 | D:8      | HP: 2/42 [Dowan/shard of ice (29)]
  8008 | D:8      | Killed Dowan
  8052 | D:8      | Noticed Edmund
  8076 | D:8      | Killed Edmund
  8076 | D:8      | Reached skill level 5 in Summonings
  8495 | D:8      | Reached skill level 11 in Spellcasting
  8525 | D:8      | Offered knowledge of Flame Tongue by Vehumet.
  8544 | D:8      | Demolished by an orc warrior

Action                   |  1- 3 |  4- 6 |  7- 9 || total
-------------------------+-------+-------+-------++-------
Melee: Dagger            |       |     6 |       ||     6
       Whip              |       |     3 |    17 ||    20
 Cast: Magic Dart        |   115 |   142 |   266 ||   523
       Call Imp          |    13 |    27 |    80 ||   120
       Mephitic Cloud    |       |     1 |       ||     1
       Blink             |       |     2 |    12 ||    14
       Conjure Flame     |       |       |     1 ||     1
  Use: Scroll            |     5 |     8 |     7 ||    20
       Potion            |       |     1 |       ||     1
  Eat: Chunk             |     1 |     7 |     2 ||    10
       Beef jerky        |     1 |     1 |       ||     2
       Fruit             |       |       |    14 ||    14
       Pizza             |       |       |     1 ||     1
